[gd_scene load_steps=7 format=2]

[ext_resource path="res://img/onlyObjects_retina.png" type="Texture" id=1]
[ext_resource path="res://code/BigEnemy.gd" type="Script" id=2]
[ext_resource path="res://code/canon3.gd" type="Script" id=3]
[ext_resource path="res://code/canon1.gd" type="Script" id=4]
[ext_resource path="res://code/canon2.gd" type="Script" id=5]

[sub_resource type="RectangleShape2D" id=1]
extents = Vector2( 60.5154, 70.7238 )

[node name="BigEnemy" type="Area2D"]
script = ExtResource( 2 )

[node name="Sprite" type="Sprite" parent="."]
texture = ExtResource( 1 )
region_enabled = true
region_rect = Rect2( 0, 508, 124, 144 )

[node name="CollisionShape2D" type="CollisionShape2D" parent="."]
visible = false
shape = SubResource( 1 )

[node name="canon1" type="Sprite" parent="."]
position = Vector2( -32, 40 )
texture = ExtResource( 1 )
offset = Vector2( 0, 10 )
region_enabled = true
region_rect = Rect2( 652, 72, 36, 52 )
script = ExtResource( 4 )

[node name="canon2" type="Sprite" parent="."]
position = Vector2( 32, 40 )
texture = ExtResource( 1 )
offset = Vector2( 0, 10 )
region_enabled = true
region_rect = Rect2( 652, 72, 36, 52 )
script = ExtResource( 5 )

[node name="canon3" type="Sprite" parent="."]
position = Vector2( 0, -16 )
texture = ExtResource( 1 )
offset = Vector2( 0, 17 )
region_enabled = true
region_rect = Rect2( 694, 271, 28, 64 )
script = ExtResource( 3 )

[node name="ShotScene" type="Node" parent="."]

[node name="Tween" type="Tween" parent="."]

[node name="ShotTimer" type="Timer" parent="."]
wait_time = 1.5
autostart = true

[node name="ShotTimer2" type="Timer" parent="."]
autostart = true
[connection signal="timeout" from="ShotTimer" to="canon3" method="_on_ShotTimer_timeout"]
[connection signal="timeout" from="ShotTimer2" to="canon1" method="_on_ShotTimer2_timeout"]
[connection signal="timeout" from="ShotTimer2" to="canon2" method="_on_ShotTimer2_timeout"]
